 Dungeon Crawl Stone Soup version 0.17.0-24-gcfadda4 (webtiles) character file.

627 graki42 the Insei (level 7, 0/45 HPs)
             Began as an Octopode Transmuter on Nov 17, 2015.
             Slain by Purgy (3 damage)
             ... on level 4 of the Dungeon.
             The game lasted 00:16:30 (5050 turns).

graki42 the Insei (Octopode Transmuter)             Turns: 5050, Time: 00:16:31

Health: 0/45       AC:  1    Str:  9    XL:     7   Next: 47%
Magic:  13/13      EV: 13    Int: 16    God:
Gold:   308        SH:  0    Dex: 14    Spells: 3 memorised, 8 levels left

rFire  . . .     SeeInvis .       - Unarmed
rCold  . . .     Clarity  .     (no shield)
rNeg   + . .     SustAt   .     (helmet restricted)
rPois  .         Gourm    .     (no amulet)
rElec  .         Spirit   .     k - ring of positive energy
rCorr  .         Warding  .     (no ring)
rMut   .         Stasis   .     (no ring)
MR     .....                    (no ring)
Stlth  ++++......               (no ring)
                                (no ring)
                                (no ring)
                                (no ring)

@: appendage (expiring), not resistant to hostile enchantments, stealthy
A: almost no armour, amphibious, 8 rings, constrict 8, tentacle spike 3,
camouflage 1, gelatinous body 1
a: End Transformation


You were on level 4 of the Dungeon.
You were hungry.
One of your tentacles had a temporary spike.
You visited 1 branch of the dungeon, and saw 4 of its levels.

You collected 308 gold pieces.

Inventory:

Missiles
 a - 12 arrows
Jewellery
 k - a ring of positive energy (left tentacle)
Wands
 m - a wand of fireball (0)
 n - a wand of heal wounds (2)
 s - a wand of magic darts (35)
Scrolls
 e - 2 scrolls of blinking {unknown}
 f - 4 scrolls of identify
 i - 3 scrolls of enchant armour {unknown}
 j - a scroll of noise {unknown}
 r - 2 scrolls of teleportation {unknown}
 t - a scroll of fog {unknown}
 v - 2 scrolls of remove curse {unknown}
Potions
 d - a potion of might {unknown}
 g - a potion of mutation {unknown}
 h - a potion of haste {unknown}
 o - a potion of cancellation {unknown}
 p - a potion of curing {unknown}
 u - a potion of lignification {unknown}
 x - a potion of heal wounds {unknown}
Books
 b - a book of Changes

   Spells                             Type                      Level
   a - Beastly Appendage              Transmutation                1
   b - Sticks to Snakes               Transmutation                2
   c - Spider Form                    Transmutation/Poison         3
   d - Ice Form                       Ice/Transmutation            4
   e - Blade Hands                    Transmutation                5
 q - a book of Ice

   Spells                             Type                      Level
   a - Ice Form                       Ice/Transmutation            4
   b - Metabolic Englaciation         Hexes/Ice                    5
   c - Ozocubu's Refrigeration        Ice                          6
   d - Bolt of Cold                   Conjuration/Ice              6
   e - Freezing Cloud                 Conjuration/Ice/Air          6
   f - Simulacrum                     Ice/Necromancy               6
Comestibles
 c - 5 bread rations
 l - a beef jerky
 w - a meat ration


   Skills:
 + Level 2.5 Fighting
 + Level 3.5 Dodging
 + Level 4.1 Stealth
 + Level 4.4 Unarmed Combat
 + Level 4.0 Spellcasting
 + Level 3.4 Transmutations
 + Level 0.2 Evocations


You had 8 spell levels left.
You knew the following spells:

 Your Spells              Type           Power        Failure   Level  Hunger
a - Beastly Appendage     Trmt           ##....       6%          1    None
b - Sticks to Snakes      Trmt           ##........   10%         2    ##.....
c - Spider Form           Trmt/Pois      #.........   28%         3    ###....


Dungeon Overview and Level Annotations

Branches:
Dungeon (4/15)
 Temple: D:4-7

Altars:
Ru
Zin

Annotations:
D:4 Purgy


Innate Abilities, Weirdness & Mutations

You cannot wear most types of armour.
You are amphibious.
You can wear up to eight rings at the same time.
You can use your tentacles to constrict eight enemies at once.
Your skin changes colour to match your surroundings (Stealth).
Your rubbery body absorbs attacks (AC +1).
One of your tentacles bears a large vicious spike.


Message History

Purgy is severely wounded.
Your transformation is almost over.
Purgy closely misses you. Purgy misses you. Purgy barely misses you.
You closely miss Purgy. You squeeze Purgy!
Purgy is almost dead.
Purgy bites you! Purgy claws you. Purgy claws you but does no damage.
You tentacle-slap Purgy.
Purgy is almost dead.
Purgy bites you.
* * * LOW HITPOINT WARNING * * *
Purgy claws you.
* * * LOW HITPOINT WARNING * * *
Purgy claws you.
* * * LOW HITPOINT WARNING * * *
You closely miss Purgy.
Purgy is almost dead.
Purgy bites you.
* * * LOW HITPOINT WARNING * * *
Purgy claws you.
You die...

### #<# #####.# #.T@..####
#.##.....# # #.###.# ...#
#.# ##### #.####
##############....########
#.............###.##.....#
#.............# #.##.###.#
#.............# #........#


You could see Purgy.

Vanquished Creatures
  Edmund (D:4)
  A crimson imp (D:4)
  An orc priest (D:4)
  A giant frog skeleton (D:4)
  A centaur skeleton (D:4)
  2 orc wizards
  An iguana (D:4)
  A hound skeleton (D:4)
  Robin (D:2)
  19 adders
  2 oozes (D:1)
  An adder skeleton (D:4)
  A worm (D:2)
  4 giant geckos
  7 orcs
  2 ball pythons
  9 bats
  17 goblins
  10 hobgoblins
  4 jackals (D:3)
  12 kobolds
  5 quokkas
  4 giant cockroaches
  4 giant newts
  10 rats
121 creatures vanquished.

Notes
Turn   | Place    | Note
--------------------------------------------------------------
     0 | D:1      | graki42 the Octopode Transmuter began the quest for the Orb.
     0 | D:1      | Reached XP level 1. HP: 13/13 MP: 3/3
   260 | D:1      | Reached XP level 2. HP: 11/18 MP: 3/5
   887 | D:1      | Reached XP level 3. HP: 19/23 MP: 3/6
  1086 | D:1      | Learned a level 2 spell: Sticks to Snakes
  1090 | D:1      | Learned a level 3 spell: Spider Form
  1417 | D:2      | Noticed Robin
  1420 | D:2      | Killed Robin
  1420 | D:2      | Reached skill level 1 in Stealth
  1420 | D:2      | Reached XP level 4. HP: 19/28 MP: 7/7
  1669 | D:2      | Found a faded altar to an unknown god.
  1709 | D:2      | Found a glowing silver altar of Zin.
  2152 | D:2      | Reached XP level 5. HP: 25/33 MP: 6/9
  2662 | D:2      | Found a sacrificial altar of Ru.
  3130 | D:2      | Reached XP level 6. HP: 34/38 MP: 9/11
  3503 | D:3      | Reached skill level 4 in Unarmed Combat
  4484 | D:4      | Reached XP level 7. HP: 31/45 MP: 10/12
  4569 | D:4      | Noticed Edmund
  4704 | D:4      | Killed Edmund
  4730 | D:4      | Got an encrusted whip
  4731 | D:4      | Identified the +8 whip of Earthquakes {freeze, *Rage rPois Str+4} (You found it on level 4 of the Dungeon)
  5033 | D:4      | Noticed Purgy
  5050 | D:4      | Slain by Purgy

Action                   |  1- 3 |  4- 6 |  7- 9 || total
-------------------------+-------+-------+-------++-------
Melee: Unarmed           |    57 |   205 |    55 ||   317
 Cast: Beastly Appendage |    16 |    50 |     6 ||    72
       Spider Form       |       |       |     1 ||     1
Evoke: Wand              |     2 |     1 |       ||     3
  Use: Scroll            |       |       |     1 ||     1
 Stab: Sleeping          |     5 |    22 |     3 ||    30
       Paralysed         |       |     1 |       ||     1
  Eat: Chunk             |     2 |     8 |     3 ||    13
